 Dungeon Crawl Stone Soup version 0.29.1-2-gbd0b4ee654 (webtiles) character file.

Game seed: 5227484353409036077

401 qeuew the Covered (level 6, -7/51 HPs)
             Began as a Barachi Fighter on Nov 10, 2022.
             Killed by nerve-wracking pain
             ... invoked by an orc priest
              (14 damage)
             ... on level 5 of the Dungeon.
             The game lasted 00:07:18 (3808 turns).

qeuew the Covered (Barachi Fighter)                 Turns: 3808, Time: 00:07:19

Health: -7/51      AC:  7    Str: 17    XL:     6   Next: 85%
Magic:  6/6        EV: 10    Int:  9    God:
Gold:   121        SH:  5    Dex: 13    Spells: 5/5 levels left

rFire   . . .      SeeInvis .   a - +1 war axe
rCold   . . .      Faith    .   c - +0 buckler
rNeg    . . .      Spirit   .   b - +0 scale mail
rPois   .          Reflect  .   (no helmet)
rElec   .          Harm     .   (no cloak)
rCorr   .          Rampage  .   (no gloves)
Will    .....                   (no boots)
Stlth   ..........              (no amulet)
HPRegen 0.17/turn               (no ring)
MPRegen 0.10/turn               (no ring)

@: on berserk cooldown, slow
A: amphibious, slowness 1, strong legs 1, +LOS
a: Hop


You were on level 5 of the Dungeon.
You visited 1 branch of the dungeon, and saw 5 of its levels.

You collected 121 gold pieces.

Inventory:

Hand Weapons
 a - a +1 war axe (weapon)
Armour
 b - a +0 scale mail (worn)
 c - a +0 buckler (worn)
Scrolls
 e - 2 scrolls of teleportation
Potions
 d - a potion of might
 f - a potion of ambrosia
 h - a potion of brilliance
 i - a potion of magic


   Skills:
 + Level 5.1 Fighting
 + Level 3.9 Axes
 + Level 5.1 Armour
 + Level 3.0 Dodging
 + Level 4.6 Shields


You had 5 spell levels left.
You didn't know any spells.
Your spell library contained the following spells:

 Spells                   Type           Power      Damage    Failure   Level
 Gell's Gravitas          Tloc           0%         N/A       99%         3
 Teleport Other           Tloc           0%         N/A       99%         3
 Dispersal                Tloc           0%         N/A       100%        6


Dungeon Overview and Level Annotations

Branches:
Dungeon (5/15)
 Temple: D:4-7

Altars:
Kikubaaqudgha
Vehumet
Xom
Yredelemnul
Zin
The Shining One

Shops:
D:4 [

Annotations:
D:4 2 transporters, SirLogeyBear's ghost, amateur HOBe


Innate Abilities, Weirdness & Mutations

You are amphibious.
You cover ground slowly.
You can hop short distances.
You have an extended range of vision and can be seen from far away.


Message History

You barely miss the adder. You hit the orc.
You feel sick. The adder closely misses you.
The orc hits you with a +0 short sword.
Your Dodging skill increases to level 3!
You feel sick. You block the adder's attack. The adder closely misses you.
You see here a +2 dagger of venom.
Unknown command.
You slash the orc priest!
The orc priest is heavily wounded.
You closely miss the orc. You hit the adder but do no damage.
You feel sick. The adder bites you but does no damage.
The orc hits you but does no damage.
The orc priest invokes the aid of Beogh against you.
Beogh smites you!
* * * LOW HITPOINT WARNING * * *
The adder barely misses you.
The orc priest mumbles some strange prayers to Beogh against you.
Pain shoots through your body!
* * * LOW HITPOINT WARNING * * *
You block the orc's attack.
You barely miss the orc priest.
The orc priest is heavily wounded.
You miss the adder. You hit the orc.
You feel sick. The adder bites you but does no damage.
The orc priest hits you with a +0 vampiric hand axe.
* * * LOW HITPOINT WARNING * * *
The orc hits you but does no damage. The adder barely misses you.
You hit the orc priest.
The orc priest is almost dead.
You hit the adder. You barely miss the orc.
You feel sick.
You are no longer poisoned.
The adder closely misses you. The orc misses you.
The orc priest looks satisfied for a moment.
Unknown command.
You hit the orc priest.
The orc priest is almost dead.
You hit the orc.
You kill the orc!
You miss the adder. You block the adder's attack.
The orc priest calls down the wrath of Beogh upon you.
Pain shoots through your body!
You die...

#.# .#.# ##
#...# <.....
.#..### ......
#.#####..#.####
#....o@S.......
######)....####
#...####....
#####.######.###
#<............
#####.######..
.... ##.### ...


You could see an orc priest and an adder.

Vanquished Creatures
  An ice beast (D:4)
  2 scorpions (D:4)
  An orc priest (D:5)
  An iguana (D:4)
  A gnoll (D:1)
  4 adders
  4 dart slugs (D:1)
  4 orcs
  8 ball pythons
  10 bats
  6 endoplasms
  4 giant cockroaches
  7 goblins
  6 hobgoblins
  3 jackals (D:1)
  10 kobolds
  4 quokkas
  3 frilled lizards
  3 rats
82 creatures vanquished.

Vanquished Creatures (others)
  14 plants (D:1)
14 creatures vanquished.

Grand Total: 96 creatures vanquished

Notes
Turn   | Place    | Note
-------+----------+-------------------------------------------
     0 | D:1      | qeuew the Barachi Fighter began the quest for the Orb.
     0 | D:1      | Reached XP level 1. HP: 18/18 MP: 1/1
   135 | D:1      | Reached XP level 2. HP: 22/25 MP: 2/2
   416 | D:1      | Reached skill level 1 in Dodging
   507 | D:1      | Reached XP level 3. HP: 30/30 MP: 3/3
  1274 | D:2      | Reached XP level 4. HP: 31/37 MP: 4/4
  2296 | D:3      | Found a glowing golden altar of the Shining One.
  2306 | D:3      | Found a glowing silver altar of Zin.
  2306 | D:3      | Found a radiant altar of Vehumet.
  2306 | D:3      | Found a shimmering altar of Xom.
  2308 | D:3      | Found a basalt altar of Yredelemnul.
  2310 | D:3      | Found an ancient bone altar of Kikubaaqudgha.
  2421 | D:3      | Reached XP level 5. HP: 33/43 MP: 5/5
  3012 | D:4      | HP: 1/43 [iguana (5)]
  3181 | D:4      | Found a transporter.
  3186 | D:4      | Noticed SirLogeyBear's ghost (amateur HOBe)
  3206 | D:4      | Found a transporter.
  3356 | D:4      | Noticed an ice beast
  3370 | D:4      | Killed an ice beast
  3371 | D:4      | Reached skill level 5 in Fighting
  3371 | D:4      | Reached skill level 5 in Armour
  3371 | D:4      | Reached XP level 6. HP: 34/51 MP: 6/6
  3550 | D:4      | Found Anwer's Antique Armour Emporium.
  3792 | D:5      | Entered Level 5 of the Dungeon
  3808 | D:5      | Killed from afar by an orc priest

Illustrated notes

Levels and vault maps discovered:
D:1:      shiori_arrival_oz, layout_basic, kennysheep_small_spiral,
          nicolae_grassy_gnolls
D:2:      layout_loops_corners, kennysheep_boxes
D:3:      layout_loops_ring, minitemple, chequers_serial_rivers_micro_a,
          minmay_goblin_kobold_house
D:4:      layout_rooms, gammafunk_ghost_stat_death, serial_shops,
          nicolae_lakefront_shop
D:5:      layout_basic, minmay_temple_entry_crystal_x, portal_sewer_entry_f,
          kennysheep_another_room, uniq_menkaure, uniq_ijyb

Skill      XL: |  1  2  3  4  5  6 |
---------------+-------------------+-----
Dodging        | 1 2 3 |  3.0
Fighting       | 4 5 |  5.1
Armour         | 4 5 |  5.1
Axes           | 3 |  3.9
Shields        | 4 |  4.6

Action                   |  1- 3 |  4- 6 || total
-------------------------+-------+-------++-------
Melee: War axe           |   104 |   132 ||   236
  Use: Potion            |     4 |     4 ||     8
       Scroll            |     3 |     7 ||    10
Armor: Scale mail        |    63 |    67 ||   130
Dodge: Dodged            |    51 |    65 ||   116
Block: Buckler           |    29 |    39 ||    68
